 Dungeon Crawl Stone Soup version 0.21.1-1-g345015f (webtiles) character file.

5700 nightchill the Grappler (level 10, 0/91 HPs)
             Began as a Ghoul Fighter on Apr 7, 2018.
             Was a Priest of Uskayaw.
             Slain by a yak (7 damage)
             ... on level 8 of the Dungeon.
             The game lasted 00:26:01 (7882 turns).

nightchill the Grappler (Ghoul Fighter)             Turns: 7882, Time: 00:26:02

Health: 0/91       AC: 10    Str: 21    XL:     10   Next: 76%
Magic:  6/13       EV: 11    Int:  6    God:    Uskayaw [***...]
Gold:   356        SH:  0    Dex:  8    Spells: 9/9 levels left

rFire    . . .     SeeInvis .     - Unarmed
rCold    + + .     Gourm    .   (no shield)
rNeg     + + +     Faith    .   a - +0 scale mail
rPois    ∞         Spirit   .   i - +2 helmet
rElec    .         Reflect  .   (no cloak)
rCorr    .         Harm     .   (no gloves)
MR       .....                  (no boots)
Stlth    ..........             (no amulet)
HPRegen  0.00/turn              n - ring of protection from cold
MPRegen  0.13/turn              (no ring)

@: rotting
A: rotting body, claws 1, carnivore, cold resistance 1, negative energy
resistance 3, inhibited regeneration, torment resistance, unbreathing
a: Stomp, Line Pass, Renounce Religion


You were on level 8 of the Dungeon.
You worshipped Uskayaw.
Uskayaw was noncommittal.
You were not hungry.

You visited 2 branches of the dungeon, and saw 9 of its levels.

You collected 356 gold pieces.

Inventory:

Hand Weapons
 f - a +0 whip
 o - a +0 blowgun
Missiles
 e - 184 stones (quivered)
 p - 27 poisoned needles
Armour
 a - a +0 scale mail (worn)
 b - a +0 shield
 h - a +0 buckler
 i - a +2 helmet (worn)
 r - a +3 leather armour
Jewellery
 n - a ring of protection from cold (left claw)
 t - an uncursed ring of fire {unknown}
 y - an uncursed ring of protection from fire {unknown}
Wands
 m - a wand of scattershot (1)
 C - a wand of disintegration (12)
Scrolls
 c - 2 scrolls of amnesia
 j - a scroll of enchant weapon {unknown}
 u - 3 scrolls of identify
 x - a scroll of fog {unknown}
 A - a scroll of magic mapping
 B - a scroll of teleportation
 D - a scroll of vulnerability {unknown}
Potions
 g - a potion of degeneration
 k - 3 potions of curing
 l - 2 potions of flight
 q - a potion of lignification {unknown}
 s - a potion of invisibility {unknown}
 z - a potion of ambrosia {unknown}
Books
 w - a book of Maledictions

   Spells                             Type                      Level
   a - Corona                         Hexes                        1
   b - Ensorcelled Hibernation        Hexes/Ice                    2
   c - Confuse                        Hexes                        3
   d - Tukima's Dance                 Hexes                        3
   e - Dazzling Spray                 Conjuration/Hexes            3
Comestibles
 d - 12 rations


   Skills:
 + Level 9.3 Fighting
 + Level 5.5 Armour
 + Level 4.7 Dodging
 - Level 2.6 Shields
 + Level 11.0 Unarmed Combat
 + Level 5.6 Invocations


You had 9 spell levels left.
You didn't know any spells.

Dungeon Overview and Level Annotations

Branches:
Dungeon (8/15)             Temple (1/1) D:5            Lair (0/6) D:8

Altars:
Ashenzari
Cheibriados
Dithmenos
Elyvilon
Fedhas
Gozag
Hepliaklqana
Kikubaaqudgha
Makhleb
Nemelex Xobeh
Okawaru
Qazlal
Ru
Sif Muna
Trog
Uskayaw
Vehumet
Wu Jian
Xom
Yredelemnul
Zin
The Shining One

Shops:
D:8 *


Innate Abilities, Weirdness & Mutations

Your body is rotting away.
You thrive on raw meat.
You are immune to poison.
You have sharp fingernails.
You are carnivorous and can eat meat at any time.
Your flesh is cold resistant. (rC+)
You are immune to negative energy. (rN+++)
You do not regenerate when monsters are visible.
You are immune to unholy pain and torment.
You can survive without breathing.


Message History

All of the chunks of flesh in your inventory have rotted away.
You claw the hog!
The hog is moderately wounded.
You can now pass through a line of other dancers.
You claw the hog!
The hog is severely wounded.
The hog seems less confused.
The yak seems less confused.
The hog bites you.
* * * LOW HITPOINT WARNING * * *
The hog closely misses you.
You claw the hog!
You kill the hog!
The hog bites you.
* * * LOW HITPOINT WARNING * * *
Uskayaw will force your foes to helplessly watch your dance.
Uskayaw prepares the audience for your solo!
The helpless yak fails to defend itself.
You claw the yak!
The yak is heavily wounded.
The yak is no longer paralysed.
The yak gores you!
You die...

#######.#.####
.........# ##
.......[# #.
#######.......###.
#.....#.......##..
#.....#.......#..#
###'###...........
#%h...#...........
#@Y..)'..##.....#.
#######.###...#.#.
### #.......
#...#... #...#..#
###.......
###.........
#....[......
############


You could see a yak and a hog (paralysed).

Vanquished Creatures
  An ugly thing (D:6)
  The ghost of iamserjio the Ducker, a novice OpMo of Dithmenos (D:5)
  An elephant (D:7)
  The ghost of Flooderbenga the Grave Robber, a novice GnNe (D:6)
  Prince Ribbit (D:5)
  Sigmund (D:5)
  A yak (D:7)
  2 hogs (D:8)
  A basilisk (D:8)
  A human (D:8)
  Eustachio (D:6)
  A water moccasin (D:8)
  An orc warrior (D:6)
  2 sky beasts
  2 phantoms
  2 centaurs
  A crocodile (D:8)
  2 big kobolds
  2 bullfrogs
  4 scorpions
  8 killer bees
  4 wights (D:8)
  3 crimson imps
  A bullfrog zombie (D:5)
  A centaur zombie (D:6)
  5 hounds
  8 orc priests
  2 bullfrog skeletons
  2 jellies (D:8)
  8 orc wizards
  A quasit (D:7)
  A centaur skeleton (D:8)
  2 iguanas
  2 worker ants
  3 hound skeletons
  A hound zombie (D:8)
  A howler monkey skeleton (D:8)
  11 adders
  2 shadow imps
  An ooze (D:3)
  2 adder zombies
  3 worms
  5 leopard geckos
  33 orcs
  2 ball pythons
  3 giant cockroaches
  9 hobgoblins
  13 kobolds
  2 quokkas
  6 bats
  16 frilled lizards
  10 goblins
  A jackal skeleton (D:5)
  2 quokka skeletons
  3 rats (D:1)
206 creatures vanquished.

Notes
Turn   | Place    | Note
-------+----------+-------------------------------------------
     0 | D:1      | nightchill the Ghoul Fighter began the quest for the Orb.
     0 | D:1      | Reached XP level 1. HP: 19/19 MP: 0/0
    86 | D:1      | Reached XP level 2. HP: 20/26 MP: 1/1
   285 | D:1      | Reached skill level 3 in Unarmed Combat
   636 | D:1      | Reached XP level 3. HP: 29/33 MP: 2/2
  1385 | D:2      | Reached skill level 4 in Unarmed Combat
  1394 | D:2      | Reached XP level 4. HP: 40/40 MP: 3/3
  2247 | D:3      | Found an opulent altar of Gozag.
  2289 | D:3      | Reached XP level 5. HP: 47/47 MP: 4/4
  2457 | D:3      | Reached skill level 5 in Unarmed Combat
  2747 | D:3      | Found a shimmering altar of Xom.
  2808 | D:4      | Noticed a phantom
  2893 | D:4      | Killed a phantom
  2893 | D:4      | Reached skill level 5 in Fighting
  2893 | D:4      | Reached skill level 6 in Unarmed Combat
  2893 | D:4      | Reached XP level 6. HP: 38/56 MP: 5/5
  3496 | D:4      | Reached XP level 7. HP: 58/59 MP: 6/6
  3566 | D:4      | Reached skill level 7 in Unarmed Combat
  3941 | D:5      | Entered Level 5 of the Dungeon
  3949 | D:5      | Noticed iamserjio's ghost (novice OpMo)
  3952 | D:5      | Noticed Sigmund
  3954 | D:5      | Killed Sigmund
  3954 | D:5      | Reached skill level 8 in Unarmed Combat
  3954 | D:5      | Reached XP level 8. HP: 71/71 MP: 7/7
  4011 | D:5      | Killed iamserjio's ghost
  4011 | D:5      | Reached skill level 9 in Unarmed Combat
  4210 | D:5      | Found a staircase to the Ecumenical Temple.
  4220 | Temple   | Entered the Ecumenical Temple
  4323 | Temple   | Became a worshipper of Uskayaw the Reveler
  4584 | D:5      | Reached * piety under Uskayaw
  4665 | D:5      | Noticed Prince Ribbit
  4678 | D:5      | Reached ** piety under Uskayaw
  4682 | D:5      | Killed Prince Ribbit
  4682 | D:5      | Reached skill level 1 in Dodging
  4682 | D:5      | Reached skill level 1 in Invocations
  4682 | D:5      | Reached *** piety under Uskayaw
  5087 | D:6      | Reached XP level 9. HP: 78/78 MP: 9/9
  5160 | D:6      | Noticed Flooderbenga's ghost (novice GnNe)
  5175 | D:6      | Killed Flooderbenga's ghost
  5309 | D:6      | Reached skill level 10 in Unarmed Combat
  5503 | D:6      | Noticed Eustachio
  5522 | D:6      | Killed Eustachio
  5773 | D:6      | Noticed a purple ugly thing
  5783 | D:6      | Killed a purple ugly thing
  6558 | D:7      | Reached XP level 10. HP: 90/90 MP: 12/12
  6994 | D:8      | Reached **** piety under Uskayaw
  7009 | D:8      | Reached ***** piety under Uskayaw
  7019 | D:8      | Reached ****** piety under Uskayaw
  7297 | D:8      | Noticed an elephant
  7305 | D:7      | Reached skill level 5 in Armour
  7338 | D:7      | Killed an elephant
  7338 | D:7      | Reached skill level 5 in Invocations
  7665 | D:8      | Found a staircase to the Lair.
  7756 | D:8      | Found Toigeyv's Assorted Antiques.
  7877 | D:8      | Reached skill level 11 in Unarmed Combat
  7882 | D:8      | Slain by a yak

Skill      XL: |  1  2  3  4  5  6  7  8  9 10 |
---------------+-------------------------------+-----
Unarmed Combat | 3 4 6 8 9 10 11 | 11.0
Fighting       | 4 5 6 7 8 9 |  9.3
Armour         | 3 4 5 |  5.5
Dodging        | 1 3 4 |  4.7
Invocations    | 1 4 5 |  5.6
Shields        | |  2.6

Action                   |  1- 3 |  4- 6 |  7- 9 | 10-12 || total
-------------------------+-------+-------+-------+-------++-------
Melee: Unarmed           |   134 |   182 |   278 |   184 ||   778
       Punch             |       |     3 |     9 |     6 ||    18
Invok: Line Pass         |       |       |       |     3 ||     3
       Stomp             |       |       |       |     1 ||     1
Evoke: Wand              |       |       |     3 |       ||     3
  Use: Scroll            |       |       |    11 |       ||    11
       Potion            |       |       |     2 |     1 ||     3
 Stab: Paralysed         |       |       |     8 |    11 ||    19
  Eat: Chunk             |     1 |     8 |    37 |    11 ||    57
Armor: Scale mail        |    63 |    57 |    98 |   100 ||   318
Dodge: Dodged            |    64 |    65 |    93 |   117 ||   339
